 Dungeon Crawl Stone Soup version 0.27.0-1-g7a089689b8 (webtiles) character file.

Game seed: 6194158046441101085

285 fiver49 the Skirmisher (level 6, -3/56 HPs)
             Began as a Ghoul Arcane Marksman on Aug 5, 2021.
             Was an Initiate of Makhleb.
             Slain by a river rat (5 damage)
             ... summoned by Eustachio
             ... on level 4 of the Dungeon.
             The game lasted 00:09:00 (4623 turns).

fiver49 the Skirmisher (Ghoul Arcane Marksman)      Turns: 4623, Time: 00:09:00

Health: -3/56      AC:  7    Str: 19      XL:     6   Next: 29%
Magic:  0/6        EV: 10    Int:  8      God:    Makhleb [......]
Gold:   138        SH:  0    Dex: 14 (15) Spells: 6/7 levels left

rFire    . . .     SeeInvis .   A - +2 short sword (elec)
rCold    + . .     Faith    .   (no shield)
rNeg     + + +     Spirit   +   j - +0 scale mail
rPois    ∞         Reflect  .   (no helmet)
rElec    .         Harm     .   (no cloak)
rCorr    .         Rampage  .   (no gloves)
Will     .....                  r - +0 pair of boots
Stlth    ..........             x - amulet "Relus" {Spirit Str+3}
HPRegen  0.00/turn              h - +6 ring of dexterity
MPRegen  0.10/turn              (no ring)

@: inhibited regen
A: claws 1, cold resistance 1, negative energy resistance 3, inhibited
regeneration, torment resistance 2
a: Renounce Religion


You were on level 4 of the Dungeon.
You worshipped Makhleb.
Makhleb was noncommittal.
You visited 2 branches of the dungeon, and saw 5 of its levels.

You collected 138 gold pieces.

Inventory:

Hand Weapons
 v - a +0 long sword
 A - a +2 short sword of electrocution (weapon)
Missiles
 b - 4 javelins (quivered)
 c - 2 throwing nets
Armour
 a - a +0 robe
 f - a +0 ring mail
 j - a +0 scale mail (worn)
 r - a +0 pair of boots (worn)
Jewellery
 h - a +6 ring of dexterity (left claw)
 x - the amulet "Relus" (around neck) {Spirit Str+3}
   (You found it on level 4 of the Dungeon)

   [amulet of guardian spirit]

   It causes incoming damage to be divided between your reserves of health and
   magic.
   Str:       It affects your strength (+3).
Wands
 n - a wand of charming (6)
 w - a wand of polymorph (11)
Scrolls
 d - a scroll of enchant weapon {unknown}
 e - a scroll of fear {unknown}
 g - a scroll of noise {unknown}
 i - a scroll of fog {unknown}
 k - 2 scrolls of silence {unknown}
 p - a scroll of magic mapping {unknown}
 s - a scroll of teleportation {unknown}
 u - 2 scrolls of identify {unknown}
 C - a scroll of blinking {unknown}
Potions
 l - a potion of attraction {unknown}
 m - a potion of heal wounds {unknown}
 o - a potion of ambrosia {unknown}
 q - 3 potions of degeneration {unknown}
 t - a potion of berserk rage {unknown}
 z - a potion of curing {unknown}
 B - a potion of might {unknown}


   Skills:
 - Level 5.0 Fighting
 + Level 1.2 Long Blades
 - Level 1.7 Throwing
 - Level 2.1 Armour
 - Level 3.0 Dodging
 - Level 1.0 Spellcasting
 - Level 2.4 Hexes


You had 6 spell levels left.
You knew the following spells:

 Your Spells              Type           Power      Damage    Failure   Level
a - Corona                Hex            4%         N/A       41%         1

Your spell library contained the following spells:

 Spells                   Type           Power      Damage    Failure   Level
 Slow                     Hex            4%         N/A       56%         2
 Inner Flame              Hex/Fire       2%         N/A       91%         3
 Portal Projectile        Hex/Tloc       4%         N/A       91%         3
 Cause Fear               Hex            2%         N/A       99%         4


Dungeon Overview and Level Annotations

Branches:
Dungeon (4/15)             Temple (1/1) D:4

Altars:
Ashenzari
Cheibriados
Dithmenos
Elyvilon
Fedhas
Gozag
Hepliaklqana
Kikubaaqudgha
Makhleb
Nemelex Xobeh
Okawaru
Qazlal
Ru
Sif Muna
Trog
Uskayaw
Vehumet
Wu Jian
Xom
Yredelemnul
The Shining One

Annotations:
D:2 1 runed translucent door, Crazy Yiuf
D:4 Eustachio


Innate Abilities, Weirdness & Mutations

You thrive by killing the living.
You are immune to poison.
You have sharp fingernails.
Your flesh is cold resistant. (rC+)
You are immune to negative energy. (rN+++)
You do not regenerate when monsters are visible.
You are immune to unholy pain and torment.


Message History

The quasit claws you but does no damage.
The quasit misses you. Eustachio hits you with a +0 rapier!
The shadow imp hits you.
Unknown command.
You hit Eustachio but do no damage.
Eustachio is heavily wounded.
The bat barely misses you. The bat misses you. The quasit barely misses you. x2
The quasit misses you. Eustachio hits you with a +0 rapier!
The shadow imp closely misses you. The river rat misses you.
The quasit bites you but does no damage.
The quasit claws you but does no damage. x2
The bat barely misses you.
You hit Eustachio.
Eustachio is severely wounded.
The bat hits you but does no damage. The shadow imp barely misses you.
The quasit bites you.
You feel clumsy.
The quasit barely misses you. x2; Eustachio hits you but does no damage.
The river rat bites you but does no damage.
You completely miss Eustachio.
Eustachio is severely wounded.
The bat hits you but does no damage.
The quasit bites you but does no damage.
The quasit claws you. x2; Eustachio closely misses you.
The shadow imp hits you.
* * * LOW HITPOINT WARNING * * *
The river rat bites you.
* * * LOW HITPOINT WARNING * * *
The quasit closely misses you.
The quasit claws you but does no damage.
The quasit closely misses you.
Aiming: Charm
Press: ? - help, Shift-Dir - straight line, f/p - Eustachio
Aim: Eustachio, wielding a +0 rapier and wearing a +0 leather armour (severely wounded, chance to affect: 46%) Eustachio resists with some effort.
The bat closely misses you. The shadow imp hits you.
* * * LOW HITPOINT WARNING * * *
Eustachio hits you with a +0 rapier!
* * * LOW HITPOINT WARNING * * *
The river rat bites you.
You die...

..#
##............#...........##
..#
##...........####.........#
..## ##...........#
##......... ...#
##............# ###.......
...###............##
##...... ..................#
##..... ..................#
#...... ...............55.#
#...... ...............@@b##
#....#.#
######.........r...##
#.....#. # ##.............##
#.#.... . ##.............##
...#### . #.†.............##
.# # ##)†...............
##..................
###..................#
###......#............[.


You could see Eustachio, a quasit (summoned), a river rat (summoned), a shadow
imp (summoned) and a bat (summoned).

Vanquished Creatures
  A necrophage (D:4)
  A howler monkey (D:2)
  Jessica (D:2)
  4 adders
  3 worms
  2 dart slugs
  2 orcs
  6 ball pythons
  10 endoplasms
  A giant cockroach (D:2)
  4 hobgoblins
  14 jackals
  6 quokkas
  6 bats
  3 frilled lizards
  4 goblins
  9 kobolds
  3 rats
80 creatures vanquished.

Vanquished Creatures (others)
  3 fungi (D:2)
  3 plants (D:3)
  2 withered plants (D:2)
8 creatures vanquished.

Grand Total: 88 creatures vanquished

Notes
Turn   | Place    | Note
-------+----------+-------------------------------------------
     0 | D:1      | fiver49 the Ghoul Arcane Marksman began the quest for the
                  | Orb.
     0 | D:1      | Reached XP level 1. HP: 16/16 MP: 1/1
   138 | D:1      | Reached skill level 2 in Fighting
   138 | D:1      | Reached XP level 2. HP: 10/24 MP: 2/2
   568 | D:1      | Reached skill level 3 in Fighting
  1211 | D:2      | Reached XP level 3. HP: 31/31 MP: 3/3
  1607 | D:2      | Reached skill level 4 in Fighting
  1607 | D:2      | Reached XP level 4. HP: 25/40 MP: 4/4
  1806 | D:2      | Found a faded altar of an unknown god.
  2302 | D:2      | Reached skill level 5 in Fighting
  2361 | D:2      | Reached XP level 5. HP: 46/48 MP: 5/5
  2405 | D:2      | Noticed Jessica
  2408 | D:2      | Killed Jessica
  2444 | D:2      | Reached skill level 1 in Armour
  2700 | D:2      | Found a runed translucent door.
  2701 | D:2      | Noticed Crazy Yiuf
  3856 | D:4      | Identified the amulet "Relus" {Spirit Str+3}
  3885 | D:4      | Found a staircase to the Ecumenical Temple.
  3901 | Temple   | Entered the Ecumenical Temple
  4027 | Temple   | Became a worshipper of Makhleb the Destroyer
  4325 | D:4      | Noticed an ogre
  4396 | D:4      | Noticed a necrophage
  4402 | D:4      | Killed a necrophage
  4403 | D:4      | Reached skill level 1 in Long Blades
  4403 | D:4      | Reached XP level 6. HP: 53/56 MP: 6/6
  4588 | D:4      | Noticed Eustachio
  4623 | D:4      | HP: 2/56 [Eustachio (7)]
  4623 | D:4      | Slain by a river rat

Illustrated notes

Levels and vault maps discovered:
D:1:      eino_arrival_cavern_d, layout_basic
D:2:      layout_loops_corners, ebering_ecumenical_altar_petrified,
          chequers_serial_rivers_micro_c, dk_vineyard_3, uniq_jessica,
          uniq_crazy_yiuf_cottage
D:3:      layout_loops_ring, serial_bayou_lagoon_b
D:4:      layout_layer_cave, minmay_temple_entry_mini_moons,
          chequers_hall_statues_corner_a, uniq_eustachio, uniq_grinder
Temple:   dpeg_three_leaves_temple

Skill      XL: |  1  2  3  4  5  6 |
---------------+-------------------+-----
Fighting       | 2 3 4 5 |  5.0
Dodging        | 2 3 |  3.0
Armour         | 2 |  2.1
Long Blades    | 1 |  1.2
Throwing       | |  1.7
Spellcasting   | |  1.0
Hexes          | |  2.4

Action                   |  1- 3 |  4- 6 || total
-------------------------+-------+-------++-------
Melee: Unarmed           |   143 |   252 ||   395
       Short sword       |       |    35 ||    35
Throw: Javelin           |    13 |    12 ||    25
Evoke: Wand              |       |     4 ||     4
Armor: Robe              |     1 |       ||     1
       Ring mail         |    12 |       ||    12
       Scale mail        |    34 |   138 ||   172
Dodge: Dodged            |    71 |   172 ||   243
